 Dungeon Crawl Stone Soup version 0.31-a0-1336-g7fd7ca34b5 (webtiles) character file.

Game seed: 18208405263604551995

6 kae the Vexing (level 1, -1/13 HPs)
             Began as a Demonspawn Enchanter on Dec 21, 2023.
             Slain by a gnoll
             ... wielding a +0 whip
              (4 damage)
             ... on level 1 of the Dungeon.
             The game lasted 00:00:10 (69 turns).

kae the Vexing (Demonspawn Enchanter)                 Turns: 69, Time: 00:00:10

Health: -1/13      AC:  2    Str:  8    XL:     1   Next: 75%
Magic:  3/3        EV: 12    Int: 15    God:
Gold:   0          SH:  0    Dex: 13    Spells: 4/4 levels left

rFire   . . .        a - +1 dagger
rCold   . . .        (no shield)
rNeg    . . .        b - +0 robe
rPois   .            (no helmet)
rElec   .            (no cloak)
rCorr   .            (no gloves)
SInv    .            (no boots)
Will    .....        (no amulet)
Stlth   ++           (no ring)
HPRegen 0.22/turn    (no ring)
MPRegen 0.08/turn

%: no passive effects
@: invisible
A: no striking features
a: no special abilities


You were on level 1 of the Dungeon.
You visited 1 branch of the dungeon, and saw 1 of its levels.


   Skills:
 + Level 0.3 Fighting
 * Level 1.1 Short Blades
 - Level 1.7 Dodging
 * Level 2.8 Stealth
 + Level 2.0 Spellcasting
 + Level 3.0 Hexes


You had 4 spell levels left.
You didn't know any spells.
Your spell library contained the following spells:

 Spells                   Type           Power      Damage    Failure   Level
 Ensorcelled Hibernation  Hex/Ice        12%        N/A       19%         2
 Confusing Touch          Hex            10%        N/A       19%         3
 Tukima's Dance           Hex            10%        N/A       19%         3
 Dazzling Flash           Conj/Hex       12%        N/A       34%         3

Inventory:

Hand Weapons
 a - a +1 dagger (weapon)
Armour
 b - a +0 robe (worn)
Potions
 c - a potion of invisibility

Dungeon Overview and Level Annotations

Branches:
Dungeon (1/15) Zot: 5930

Altars:

##########
######........+
........##......^..#####
.........##)##......#
.......:.##@##..##..#
.........##g##..##..#
$..?.....##.###....##
.........#>...#.รท.##
..g....b.#.##.#...#
.....b..K.....#.รท.###
......r..#.##.#.....###
.........#.# ###..รท..#
...........# ##....##


You could see a gnoll (unable to see you).


Message History

Options error: Missing colour in message_colour setting: 'before it is too late' โœ… Successfully initialized magus.rc [v1.11.3] Welcome, kae the Demonspawn Enchanter.
It is said that the Orb of Zot exists deep within this dungeon.
Press ? for a list of commands and other information.
Found three deep dwarf skeletons.
Found a staircase leading out of the dungeon.
Unknown command.
A rat comes into view.
A rat is nearby!
A rat is nearby!
The rat squeaks loudly.
You hear a shout! x2
You hit the rat. You hit the rat.
You kill the rat!
No target in view!
No target in view!
A kobold comes into view. It is wielding a +0 club.
Found a stone staircase leading down.
You hit the kobold.
You kill the kobold!
No target in view!
Things that are here:
a +0 club; a kobold corpse A hobgoblin comes into view.
There is a stone staircase leading down here.
A kobold comes into view. It is wielding a +0 dagger.
There are monsters nearby!
A bat comes into view.
There are monsters nearby!
The kobold closely misses you.
You barely miss the kobold.
The kobold hits you with a +0 dagger. ๐Ÿ˜• HP[-3]
You take 3 damage, and now have 10/13 hp.
MASSIVE DAMAGE!! (PAUSE)
You closely miss the kobold. The kobold hits you but does no damage.
You closely miss the kobold.
The hobgoblin shouts!
The kobold misses you. ๐Ÿ˜• HP[+1]
You closely miss the kobold. The bat barely misses you.
A quokka comes into view.
The kobold hits you with a +0 dagger.
You hit the kobold but do no damage. The bat hits you.
The kobold barely misses you. ๐Ÿ˜ฎ HP[-2]
You take 2 damage, and now have 9/13 hp.
You are too injured to fight recklessly!
You are too injured to fight recklessly!
Unknown command.
You closely miss the kobold. The bat hits you but does no damage.
A gnoll comes into view. It is wielding a +0 whip.
The hobgoblin barely misses you.
The kobold hits you with a +0 dagger. ๐Ÿ˜ฎ HP[-1]
You take 1 damage, and now have 8/13 hp.
The kobold attacks as it pursues you! The kobold hits you with a +0 dagger.
* * * LOW HITPOINT WARNING * * *
๐Ÿ˜จ HP[-3]
You take 3 damage, and now have 5/13 hp.
MASSIVE DAMAGE!! (PAUSE)
The bat misses you. ๐Ÿ˜จ HP[+1]
The hobgoblin attacks as it pursues you!
The hobgoblin barely misses you.
There is a stone staircase leading down here. ๐Ÿ˜ฎ HP[+1]
Things that are here:
a +0 club; a kobold corpse You closely miss the hobgoblin.
The hobgoblin barely misses you.
You fade into invisibility!
The hobgoblin barely misses you.
You barely miss the hobgoblin.
The hobgoblin closely misses you. ๐Ÿ˜ฎ HP[+1]
You hit the hobgoblin. The hobgoblin hits you.
* * * LOW HITPOINT WARNING * * *
๐Ÿ˜จ HP[-3]
You take 3 damage, and now have 5/13 hp.
MASSIVE DAMAGE!! (PAUSE)
You hit the hobgoblin but do no damage. The hobgoblin closely misses you.
You closely miss the hobgoblin. The hobgoblin misses you.
You hit the hobgoblin.
You kill the hobgoblin!
Your Short Blades skill increases to level 1!
You catch the helpless kobold completely off-guard!
You puncture the kobold!
You kill the kobold!
The quokka closely misses you. The quokka bites you.
* * * LOW HITPOINT WARNING * * *
Things that are here:
a +0 dagger; a kobold corpse; a hobgoblin corpse You hit the quokka.
The quokka misses you.
You miss the quokka.
The quokka closely misses you. ๐Ÿ˜ฑ HP[-3]
You take 3 damage, and now have 2/13 hp.
MASSIVE DAMAGE!! (PAUSE)
You hit the quokka.
You kill the quokka! ๐Ÿ˜ฑ HP[+1]
You hit the gnoll but do no damage. The gnoll hits you with a +0 whip.
You die...

Skill      XL: |  1 |
---------------+----+-----
Short Blades   | 1 |  1.1
Fighting       | |  0.3
Dodging        | |  1.7
Stealth        | |  2.8
Spellcasting   | |  2.0
Hexes          | |  3.0

Action                     || total
---------------------------++-------
  Melee: Dagger            ||    20
    Use: Potion            ||     1
   Stab: Invisible         ||     1
 Armour: Robe              ||    10
  Dodge: Dodged            ||    15

Levels and vault maps discovered:
D:1:      amcnicky_arrival_wind_blow, layout_basic,
          nicolae_ecumenical_snake_handling

Notes
Turn   | Place    | Note
-------+----------+-------------------------------------------
     0 | D:1      | kae the Demonspawn Enchanter began the quest for the Orb.
     0 | D:1      | Reached XP level 1. HP: 13/13 MP: 3/3
     0 | D:1      | magus.rc [v1.11.3]
    64 | D:1      | Reached skill level 1 in Short Blades
    65 | D:1      | HP: 2/13 [quokka (4)]
    69 | D:1      | Slain by a gnoll

Vanquished Creatures
  A hobgoblin (D:1)
  2 kobolds (D:1)
  A quokka (D:1)
  A rat (D:1)
5 creatures vanquished.

Table legend:
 A = Non-vault XP
 B = Vault XP
 C = Vault XP percentage of total XP
 D = Non-vault monster count
 E = Vault monster count
 F = Vault count percentage of total count
                 A         B        C        D         E       F
            +---------+---------+-------+---------+---------+-------
      Total |       9 |       0 |   0.0 |       5 |       0 |   0.0
            +---------+---------+-------+---------+---------+-------
        D:1 |       9 |       0 |   0.0 |       5 |       0 |   0.0
            +---------+---------+-------+---------+---------+-------

Skill      XL: |  1 |
---------------+----+-----
Short Blades   | 1 |  1.1
Fighting       | |  0.3
Dodging        | |  1.7
Stealth        | |  2.8
Spellcasting   | |  2.0
Hexes          | |  3.0

Action                     || total
---------------------------++-------
  Melee: Dagger            ||    20
    Use: Potion            ||     1
   Stab: Invisible         ||     1
 Armour: Robe              ||    10
  Dodge: Dodged            ||    15

Illustrated notes

Table legend:
 A = Kills in this place as a percentage of kills in the entire game.
 B = Kills by you in this place as a percentage of kills by you in the entire game.
 C = Kills by friends in this place as a percentage of kills by friends in the entire game.
 D = Other kills in this place as a percentage of other kills in the entire game.
 E = Experience gained in this place as a percentage of experience gained in the entire game.
 F = Experience gained in this place divided by the number of levels of this place that you have seen.
                   A       B       C       D       E      F
               +-------+-------+-------+-------+-------+----------------------
         Total | 100.0 | 100.0 |   N/A |   N/A | 100.0 |   9.0
       Dungeon | 100.0 | 100.0 |   N/A |   N/A | 100.0 |   9.0
               +-------+-------+-------+-------+-------+----------------------

Table legend: (Time is in decaauts)
 A = Elapsed time spent in this place.
 B = Non-inter-level travel time spent in this place.
 C = Inter-level travel time spent in this place.
 D = Time resting spent in this place.
 E = Time spent auto-exploring this place.
 F = Levels seen in this place.
 G = Mean time per level.
                   A        B        C        D        E       F      G
               +--------+--------+--------+--------+--------+-----+--------+
         Total |     68 |     68 |      0 |      0 |     27 |   1 |   68.0 |
       Dungeon |     68 |     68 |      0 |      0 |     27 |   1 |   68.0 |
               +--------+--------+--------+--------+--------+-----+--------+

Top non-repeatable levels by time:
     D:1: 68 daAuts
